 Dungeon Crawl Stone Soup version 0.28-a0-71-g84acfa7270 (webtiles) character file.

Game seed: 5159880055807627281

56 asterach the Shield-Bearer (level 3, 0/20 HPs)
             Began as a Vine Stalker Fighter on Aug 1, 2021.
             Succumbed to an adder's poison
             ... on level 2 of the Dungeon.
             The game lasted 00:02:45 (1783 turns).

asterach the Shield-Bearer (Vine Stalker Fighter)   Turns: 1783, Time: 00:02:45

Health: 0/20       AC:  6    Str: 18    XL:     3   Next: 97%
Magic:  4/4        EV:  7    Int:  8    God:
Gold:   57         SH:  0    Dex: 14    Spells: 1/2 levels left

rFire   . . .      SeeInvis .     - Unarmed
rCold   . . .      Faith    .   b - +0 kite shield
rNeg    . . .      Spirit   +   a - +0 scale mail
rPois   .          Reflect  .   (no helmet)
rElec   .          Harm     .   (no cloak)
rCorr   .          Rampage  .   (no gloves)
Will    .....                   (no boots)
Stlth   ..........              (no amulet)
HPRegen 0.06/turn               e - ring of wizardry
MPRegen 0.09/turn               (no ring)

@: confused, lethally poisoned (0 -> -2), ambrosia-drunk, flying
A: fangs 2, magic shield, antimagic bite, no potion heal 2
a: no special abilities


You were on level 2 of the Dungeon.
You visited 1 branch of the dungeon, and saw 2 of its levels.

You collected 57 gold pieces.

Inventory:

Hand Weapons
 g - a +0 dagger
Armour
 a - a +0 scale mail (worn)
 b - a +0 kite shield (worn)
Jewellery
 e - a ring of wizardry (left hand)
Scrolls
 d - a scroll of noise {unknown}
 f - a scroll of fog {unknown}
 h - a scroll of enchant weapon {unknown}
 l - 2 scrolls of teleportation {unknown}
 m - 2 scrolls of enchant armour {unknown}
 n - a scroll of identify {unknown}
 o - a scroll of blinking {unknown}
Potions
 c - 2 potions of might


   Skills:
 + Level 3.0 Fighting
 + Level 3.1 Armour
 + Level 0.3 Dodging
 + Level 3.1 Shields
 + Level 2.3 Unarmed Combat


You had one spell level left.
You knew the following spells:

 Your Spells              Type           Power      Damage    Failure   Level
a - Beastly Appendage     Tmut           0%         N/A       91%         1

Your spell library contained the following spells:

 Spells                   Type           Power      Damage    Failure   Level
 Wereblood                Tmut           0%         N/A       97%         2
 Spider Form              Tmut/Pois      0%         N/A       99%         3


Dungeon Overview and Level Annotations

Branches:
Dungeon (2/15)

Altars:
The Shining One

Annotations:
D:1 exclusion: downstairs
D:2 Sigmund


Innate Abilities, Weirdness & Mutations

You have extremely sharp teeth.
When hurt, damage is shared between your health and your magic reserves.
Your bite disrupts and absorbs the magic of your enemies.
Potions cannot restore your health.


Message History

The adder bites you.
You are poisoned.
The adder poisons you!
You miss the adder. Your bite misses the adder.
The adder is heavily wounded.
You feel sick. You block the adder's attack. The adder bites you.
You are more poisoned.
The adder poisons you!
You closely miss the adder.
The adder is heavily wounded.
You feel sick. You block the adder's attack.
The adder bites you but does no damage.
You barely miss the adder. Your bite misses the adder.
The adder is heavily wounded.
You feel sick. The adder bites you.
You are lethally poisoned!
The adder poisons you!
It was a potion of cancellation.
You feel magically purged.
* * * LOW HITPOINT WARNING * * *
You feel sick. The adder barely misses you.
The adder bites you but does no damage.
It was a potion of flight.
You feel very buoyant.
You fly up into the air.
* * * LOW HITPOINT WARNING * * *
You feel sick. The adder closely misses you.
It was a potion of ambrosia.
You are confused.
Your system rejects the healing.
You feel invigorated.
* * * LOW HITPOINT WARNING * * *
You feel sick. The adder bites you but does no damage.
You miss the adder. You bite the adder. You drain its power.
The adder is severely wounded.
* * * LOW HITPOINT WARNING * * *
You feel sick. The adder closely misses you. The adder barely misses you.
You closely miss the adder. You bite the adder, but do no damage.
The adder is severely wounded.
* * * LOW HITPOINT WARNING * * *
You feel sick. The adder bites you.
You die...

#..# ##.# #<#
##### ######.#
.....##...##.#
.####......##.#
##
..............#
.#
####.._...#..#
.# #...@..#..#
#..S..##..#
#..#####..#
.... .... ###..
#.##. ... #.# .
###. #.


You could see an adder.

Vanquished Creatures
  Jessica (D:2)
  4 bats (D:1)
  4 endoplasms (D:1)
  2 giant cockroaches (D:1)
  4 goblins
  2 hobgoblins
  2 kobolds
  A quokka (D:1)
  2 ball pythons
  3 frilled lizards (D:1)
  3 rats
28 creatures vanquished.

Notes
Turn   | Place    | Note
-------+----------+-------------------------------------------
     0 | D:1      | asterach the Vine Stalker Fighter began the quest for the
                  | Orb.
     0 | D:1      | Reached XP level 1. HP: 11/11 MP: 2/2
   251 | D:1      | Reached XP level 2. HP: 9/16 MP: 1/3
  1241 | D:1      | Reached XP level 3. HP: 19/19 MP: 4/4
  1569 | D:2      | Noticed Sigmund
  1671 | D:2      | Learned a level 1 spell: Beastly Appendage
  1682 | D:2      | Noticed Jessica
  1685 | D:2      | Killed Jessica
  1760 | D:2      | Found a glowing golden altar of the Shining One.
  1782 | D:2      | HP: 1/20 [poisoned by an adder]
  1783 | D:2      | Succumbed to an adder's poison

Illustrated notes

Levels and vault maps discovered:
D:1:      grunt_arrival_crossed_arrows, layout_basic, minmay_misc_feat_doors
D:2:      layout_loops_ring, basic_altar, uniq_jessica, uniq_sigmund

Skill      XL: |  1  2  3 |
---------------+----------+-----
Shields        | 3 |  3.1
Fighting       | 3 |  3.0
Armour         | 3 |  3.1
Dodging        | |  0.3
Unarmed Combat | |  2.3

Action                   || total
-------------------------++-------
Melee: Unarmed           ||    94
       Bite              ||    29
  Use: Potion            ||     3
Armor: Scale mail        ||    37
Dodge: Dodged            ||    28
Block: Kite shield       ||    45

Table legend: (Time is in decaauts)
 A = Elapsed time spent in this place.
 B = Non-inter-level travel time spent in this place.
 C = Inter-level travel time spent in this place.
 D = Time resting spent in this place.
 E = Time spent auto-exploring this place.
 F = Levels seen in this place.
 G = Mean time per level.
                   A        B        C        D        E       F      G
               +--------+--------+--------+--------+--------+-----+--------+
         Total |   1802 |   1722 |     80 |      0 |   1503 |   2 |  901.0 |
       Dungeon |   1802 |   1722 |     80 |      0 |   1503 |   2 |  901.0 |
               +--------+--------+--------+--------+--------+-----+--------+

Top non-repeatable levels by time:
     D:1: 1627 daAuts
     D:2: 175 daAuts
